 Dungeon Crawl Stone Soup version 0.22-a0-69-g116c2a8 (webtiles) character file.

1325 KristoblXynda the Slasher (level 8, 0/61 HPs)
             Began as a Purple Draconian Gladiator on Jan 11, 2018.
             Was a Believer of Yredelemnul.
             Succumbed to an orc's poison
             ... on level 6 of the Dungeon.
             The game lasted 00:10:07 (5220 turns).

KristoblXynda the Slasher (DrGl)                    Turns: 5220, Time: 00:10:08

Health: 0/61       AC:  9    Str: 16    XL:     8   Next: 34%
Magic:  12/12      EV: 15    Int: 11    God:    Yredelemnul [**....]
Gold:   147        SH:  0    Dex: 13    Spells: 7/7 levels left

rFire    . . .     SeeInvis .   r - +5 falchion (freeze)
rCold    . . .     Gourm    .   (no shield)
rNeg     . . .     Faith    .   (armour unavailable)
rPois    .         Spirit   .   b - +0 hat
rElec    .         Reflect  .   g - +0 cloak
rCorr    .         Harm     .   l - +0 pair of gloves
MR       +....                  k - +0 pair of boots
Stlth    +.........             (no amulet)
HPRegen  0.20/turn              (no ring)
MPRegen  0.13/turn              (no ring)

@: lethally poisoned (0 -> -6), short of breath
A: breathe power, unfitting armour, cold-blooded, AC +6
a: Breathe Dispelling Energy, Animate Remains, Recall Undead Slaves, Injury
Mirror, Renounce Religion


You were on level 6 of the Dungeon.
You worshipped Yredelemnul.
Yredelemnul was pleased with you.
You were hungry.

You visited 1 branch of the dungeon, and saw 6 of its levels.

You collected 309 gold pieces.
You spent 162 gold pieces at shops.

Inventory:

Hand Weapons
 a - a +1 long sword
 r - a +5 falchion of freezing (weapon)
Missiles
 h - 4 throwing nets (quivered)
 q - 8 javelins
Armour
 b - a +0 hat (worn)
 g - a +0 cloak (worn)
 k - a +0 pair of boots (worn)
 l - a +0 pair of gloves (worn)
Wands
 c - a wand of digging (16)
Scrolls
 e - 4 scrolls of teleportation
 f - 3 scrolls of remove curse
 n - 3 scrolls of blinking
 u - a scroll of immolation
Potions
 i - 2 potions of resistance
 j - a potion of brilliance
Books
 s - a book of Maledictions

   Spells                             Type                      Level
   a - Corona                         Hexes                        1
   b - Ensorcelled Hibernation        Hexes/Ice                    2
   c - Confuse                        Hexes                        3
   d - Tukima's Dance                 Hexes                        3
   e - Dazzling Spray                 Conjuration/Hexes            3
Comestibles
 d - 8 rations


   Skills:
 - Level 2.1 Fighting
 + Level 6.6 Long Blades
 - Level 3.0 Throwing
 + Level 6.0 Dodging
 + Level 5.5 Invocations


You had 7 spell levels left.
You didn't know any spells.

Dungeon Overview and Level Annotations

Branches:
Dungeon (6/15)             Temple (0/1) D:6

Altars:
Gozag
Kikubaaqudgha
Okawaru
Ru
Sif Muna
Vehumet
Yredelemnul

Shops:
D:4 (   D:6 [


Innate Abilities, Weirdness & Mutations

You can breathe bolts of dispelling energy.
Your rich purple scales are hard. (AC +6)
You cannot fit into any form of body armour.
You are cold-blooded and may be slowed by cold attacks.


Message History

The orc throws a tomahawk.
The tomahawk hits you.
* * * LOW HITPOINT WARNING * * *
You see here a tomahawk.
* * * LOW HITPOINT WARNING * * *
You feel sick.
An orc priest comes into view. It is wielding a flail.
An orc priest comes into view. It is wielding a mace.
* * * LOW HITPOINT WARNING * * *
You feel sick.
The orc priest shouts!
You hear a shout!
You hear an angry hiss.
You hear a shout!
A leopard gecko comes into view.
* * * LOW HITPOINT WARNING * * *
You feel sick.
The leopard gecko hisses angrily.
The orc throws a tomahawk.
The tomahawk barely misses you.
You see here a tomahawk.
An orc and an orc wizard come into view.
You die...
Your body rises from the dead as a mindless zombie.

*********,*,,,...........∩.......
*,....#..#.#.............
**##......................
*,,........l..............
********,#..........._..#####'##'
,,,,,,,*,#..#..#.#......# #.##.
***,**,*,#...oo#...)....#####.##.
*,,,,,,,,....o......)...##.......
***,**,*,,*,#..#@#####.###.......
*,**,*,,#.#.o#(#####)).....#...
*,**,*,.....o..Y.(.$.###...#...
*,**,,,....#.#.#########....<..
*,*,,,*##,*#.#..,,,,,*#....[...
*,*,,,* *,*#,#.#******#..###.##
*,*,,,* ****,#.# #...## #.#
*,*,,,* **+#.# ###.* #.# *,*,,,*
*,,..#******#.***#.#


You could see an ice beast, an orc priest, an orc wizard (wandering), an orc
(wandering) and a leopard gecko.

Vanquished Creatures
  Grinder (D:5)
  Edmund (D:5)
  2 sky beasts
  2 ogres (D:5)
  2 scorpions
  A howler monkey (D:6)
  A crimson imp (D:5)
  A quasit (D:5)
  A hound (D:5)
  A jelly (D:6)
  A bullfrog skeleton (D:5)
  An orc priest (D:3)
  Crazy Yiuf (D:5)
  An iguana (D:5)
  2 orc wizards (D:6)
  3 worker ants (D:4)
  5 gnolls
  A howler monkey skeleton (D:5)
  2 adders
  An adder skeleton (D:5)
  A worm (D:2)
  4 dart slugs
  6 leopard geckos
  14 orcs
  A ball python (D:2)
  5 giant cockroaches
  7 goblins
  8 hobgoblins
  9 jackals
  10 kobolds
  3 quokkas
  9 bats
  7 frilled lizards
  3 quokka skeletons
  2 rats (D:1)
  A spectral orc (D:2)
121 creatures vanquished.

Notes
Turn   | Place    | Note
-------+----------+-------------------------------------------
     0 | D:1      | KristoblXynda the Draconian Gladiator began the quest for the Orb.
     0 | D:1      | Reached XP level 1. HP: 17/17 MP: 1/1
   119 | D:1      | Reached XP level 2. HP: 24/24 MP: 2/2
   364 | D:1      | Reached XP level 3. HP: 23/29 MP: 3/3
   515 | D:2      | Found an ancient bone altar of Kikubaaqudgha.
   715 | D:2      | Found a sacrificial altar of Ru.
   767 | D:2      | Found a basalt altar of Yredelemnul.
   773 | D:2      | Became a worshipper of Yredelemnul the Dark
  1049 | D:2      | Reached XP level 4. HP: 36/36 MP: 4/4
  1414 | D:3      | Reached * piety under Yredelemnul
  1634 | D:3      | Reached XP level 5. HP: 22/41 MP: 5/5
  1841 | D:2      | Found a radiant altar of Vehumet.
  1841 | D:2      | Found an opulent altar of Gozag.
  2503 | D:4      | Reached skill level 1 in Invocations
  2858 | D:4      | Reached XP level 6. HP: 39/48 MP: 7/7
  2877 | D:4      | Found Nonuinol's Antique Weapon Shop.
  2884 | D:4      | Bought a glowing falchion for 162 gold pieces
  3127 | D:5      | Entered Level 5 of the Dungeon
  3205 | D:5      | Noticed Edmund
  3262 | D:5      | Killed Edmund
  3479 | D:5      | Reached skill level 5 in Long Blades
  3620 | D:5      | Found a deep blue altar of Sif Muna.
  3729 | D:5      | Your scales start taking on a rich purple colour.
  3729 | D:5      | Reached XP level 7. HP: 55/55 MP: 9/9
  3901 | D:5      | Reached skill level 5 in Dodging
  4020 | D:5      | Noticed Grinder
  4068 | D:5      | Killed Grinder
  4480 | D:5      | Found a deep blue altar of Sif Muna.
  4493 | D:5      | Found an iron altar of Okawaru.
  4632 | D:5      | Found a runed door.
  4800 | D:5      | Noticed Crazy Yiuf
  4804 | D:5      | Killed Crazy Yiuf
  4804 | D:5      | Reached XP level 8. HP: 55/61 MP: 11/11
  4894 | D:6      | Found Zugavi Hoyh's Antique Armour Shoppe.
  4896 | D:6      | Found an opulent altar of Gozag.
  4925 | D:6      | Reached skill level 5 in Invocations
  5203 | D:6      | Reached ** piety under Yredelemnul
  5217 | D:6      | HP: 3/61 [poisoned by an orc]
  5219 | D:6      | HP: 1/61 [poisoned by an orc]
  5220 | D:6      | Succumbed to an orc's poison

Vault maps used:
D:1:      dpeg_arrival_tiny_a
D:2:      yredelemnul_forgotten_temple_becter, kiku_gazebo_garden_becter,
          nicolae_overflow_hidden_temple, first_ration, st_stairs_1
D:3:      corexii_corridor_pit
D:4:      serial_shops, nicolae_shop_crystal, grunt_decor_cap
D:5:      chequers_temple_overflow_statue_of_worship, lemuel_blue_sif_altar,
          uniq_edmund, uniq_crazy_yiuf_cottage, uniq_grinder
D:6:      lemuel_temple_firewalk_a, basic_altar, serial_shops, shop,
          due_unseen_surprise, uniq_prince_ribbit1, uniq_eustachio

Skill      XL: |  1  2  3  4  5  6  7  8 |
---------------+-------------------------+-----
Throwing       | 2 3 |  3.0
Dodging        | 3 4 5 6 |  6.0
Long Blades    | 4 5 6 |  6.6
Invocations    | 2 3 4 5 |  5.5
Fighting       | |  2.1

Action                   |  1- 3 |  4- 6 |  7- 9 || total
-------------------------+-------+-------+-------++-------
Melee: Long sword        |    83 |   124 |       ||   207
       Tailslap          |    17 |    23 |    18 ||    58
       Falchion          |       |    23 |   100 ||   123
Throw: Throwing net      |       |     7 |       ||     7
Invok: Animate Remains   |       |       |     1 ||     1
 Abil: Breathe Dispellin |       |       |     3 ||     3
  Use: Scroll            |     2 |     7 |     2 ||    11
       Potion            |       |     5 |     3 ||     8
 Stab: Invisible         |       |     2 |       ||     2
       Sleeping          |       |       |     2 ||     2
  Eat: Ration            |       |     2 |     1 ||     3
       Chunk             |       |     3 |     1 ||     4
Armor: Skin              |    31 |    60 |    32 ||   123
Dodge: Dodged            |    76 |   152 |    79 ||   307
       Rpst.: Long sword |    30 |    39 |       ||    69
       Falchion          |       |     9 |    21 ||    30

Table legend:
 A = Spawn XP
 B = Non-spawn XP
 C = Spawn XP percentage of total XP
 D = Spawn monster count
 E = Non-spawn monster count
 F = Spawn count percentage of total count
 G = Total turns spent on level
                    A         B        C        D         E        F      G
               +---------+---------+-------+---------+---------+-------+---------
         Total |       0 |    1894 |   0.0 |       0 |     121 |   0.0 |  5220
               +---------+---------+-------+---------+---------+-------+---------
           D:1 |       0 |      41 |   0.0 |       0 |      22 |   0.0 |   459
           D:2 |       0 |      61 |   0.0 |       0 |      27 |   0.0 |   854
           D:3 |       0 |     119 |   0.0 |       0 |      29 |   0.0 |  1163
           D:4 |       0 |     180 |   0.0 |       0 |      10 |   0.0 |   651
           D:5 |       0 |    1048 |   0.0 |       0 |      19 |   0.0 |  1756
           D:6 |       0 |     445 |   0.0 |       0 |      14 |   0.0 |   337
               +---------+---------+-------+---------+---------+-------+---------
